 Dungeon Crawl Stone Soup version 0.30-a0-54-g2e61a25929 (webtiles) character file.

Game seed: 4278854349963970641

21827 lesbiats the Destroyer (level 13, -5/172 HPs)
             Began as a Meteoran Earth Elementalist on Sept 8, 2022.
             Was an Elder of Vehumet.
             Slain by a ghost moth (9 damage)
             ... on level 1 of the Spider Nest.
             The game lasted 01:08:22 (8649 turns).

lesbiats the Destroyer (MeEE)                       Turns: 8649, Time: 01:08:24

Health: -5/172     AC: 18    Str:  8 (10) XL:     13   Next: 54%
Magic:  3/30       EV:  2    Int: 19 (22) God:    Vehumet [****..]
Gold:   1150       SH:  0    Dex: 13 (15) Spells: 19/36 levels left

rFire   . . .      SeeInvis .    c - staff of earth
rCold   . . .      Faith    .    (no shield)
rNeg    . . .      Spirit   .    (body armour currently unavailable)
rPois   +          Reflect  .    (helmet currently unavailable)
rElec   .          Harm     .    (cloak currently unavailable)
rCorr   .          Rampage  .    (gloves currently unavailable)
Will    +....      NoTele   +    (boots currently unavailable)
Stlth   +.........               h - amulet of the acrobat
HPRegen 0.38/turn                k - +4 ring of evasion
MPRegen 0.22/turn                H - +4 ring of protection

@: confused, tree-form, ambrosia-drunk, corroded, glowing
A: stationary, stasis, torment immunity, boosted hp, sense surroundings 2,
otherworldly, glowing, explore regen
a: Renounce Religion


You were on level 1 of the Spider Nest.
You worshipped Vehumet.
Vehumet was greatly pleased with you.
You were a tree.
You visited 4 branches of the dungeon, and saw 15 of its levels.
You also visited: Ossuary.

You collected 1150 gold pieces.

Inventory:

Missiles
 b - 2 throwing nets
 i - 24 poisoned darts
 L - a curare-tipped dart
Armour
 a - a +0 robe
 m - the +1 pair of gloves of Happy Babbling (melded) {*Slow rPois Regen+ Slay+5}
   (You found it on level 2 of the Dungeon)

   Slay:      It affects your accuracy & damage with ranged weapons and melee
   (+5).
   rPois:     It protects you from poison.
   Regen:     It increases your rate of health regeneration.
   *Slow:     It may slow you when you take damage.
 t - a +0 cloak (melded)
 x - the +3 leather armour of Unreason (melded) {Contam rElec Int+7}
   (You found it on level 4 of the Dungeon)

   Int:       It affects your intelligence (+7).
   rElec:     It insulates you from electricity.
   Contam:    It causes magical contamination when unequipped.
Magical Staves
 c - a staff of earth (weapon)
Jewellery
 h - an amulet of the acrobat (around neck)
 k - a +4 ring of evasion (left branch)
 p - a ring of protection from cold
 u - a ring of protection from fire
 H - a +4 ring of protection (right branch)
 I - an amulet of reflection
 N - an amulet of faith
 P - a ring of fire
Wands
 q - a wand of iceblast (3)
 K - a wand of charming (10)
 S - a wand of polymorph (5)
Scrolls
 d - 2 scrolls of butterflies
 l - a scroll of torment
 s - 2 scrolls of noise {unknown}
 w - 2 scrolls of poison
 y - a scroll of summoning {unknown}
 A - a scroll of vulnerability {unknown}
 F - a scroll of amnesia {unknown}
 G - 2 scrolls of enchant weapon {unknown}
 J - a scroll of fear {unknown}
 M - 2 scrolls of magic mapping
 U - a scroll of brand weapon {unknown}
Potions
 e - 2 potions of ambrosia
 f - a potion of attraction
 g - 5 potions of lignification
 j - 12 potions of curing
 n - a potion of cancellation {unknown}
 o - 4 potions of degeneration
 r - 4 potions of haste
 v - a potion of flight
 z - 3 potions of brilliance
 B - 4 potions of heal wounds
 C - a potion of invisibility {unknown}
 D - 2 potions of mutation
 Q - 2 potions of might {unknown}
 R - a potion of resistance {unknown}
Miscellaneous
 O - a phial of floods


   Skills:
 + Level 10.8 Fighting
 + Level 7.2 Staves
 + Level 5.5 Dodging
 - Level 1.4 Stealth
 + Level 12.1 Spellcasting
 - Level 12.1 Conjurations
 - Level 1.2 Transmutations
 - Level 2.2 Fire Magic
 - Level 6.0 Earth Magic
 + Level 10.6 Evocations


You had 19 spell levels left.
You knew the following spells:

 Your Spells              Type           Power      Damage    Failure   Level
a - Sandblast             Erth           100%       2d20      1%          1
b - Stone Arrow           Conj/Erth      100%       3d13      1%          3
c - Passwall              Tmut/Erth      31%        N/A       1%          2
d - Flame Wave            Conj/Fire      38%        2d10      1%          4
e - Frozen Ramparts       Ice            22%        1d4       5%          3
f - Foxfire               Conj/Fire      100%       2x1d9     1%          1
g - Inner Flame           Hex/Fire       15%        N/A       3%          3

Your spell library contained the following spells:

 Spells                   Type           Power      Damage    Failure   Level
 Sticky Flame             Conj/Fire      38%        2d6       1%          4
 Conjure Flame            Conj/Fire      38%        6-21      1%          3
 Poisonous Vapours        Pois/Air       22%        N/A       2%          2
 Petrify                  Tmut/Erth      38%        N/A       13%         4
 Confusing Touch          Hex            11%        N/A       19%         3
 Yara's Violent Unravell  Hex/Tmut       6%         3d5       32%         5
 Ice Form                 Ice/Tmut       13%        N/A       43%         4
 Corpse Rot               Necr/Pois/Air  11%        N/A       52%         4
 Summon Ice Beast         Ice/Summ       11%        N/A       52%         4
 Enfeeble                 Hex            5%         N/A       100%        7
 Borgnjor's Revivificati  Necr           5%         N/A       100%        8
 Necromutation            Tmut/Necr      6%         N/A       100%        8
 Death's Door             Necr           5%         N/A       100%        9


Dungeon Overview and Level Annotations

Branches:
Dungeon (11/15) Zot: 76    Temple (1/1) D:6 Zot: 446    Lair (2/5) D:11 Zot: 511
 Spider (1/4) Lair:2 Zot: 445     Orc (0/2) D:10        Ossuary (visited)
  Swamp: Lair:2-3    Shoals: Lair:2-3

Altars:
Ashenzari
Cheibriados
Dithmenos
Elyvilon
Fedhas
Gozag
Hepliaklqana
Kikubaaqudgha
Makhleb
Nemelex Xobeh
Okawaru
Qazlal
Ru
Sif Muna
Trog
Uskayaw
Vehumet
Wu Jian
Xom
Yredelemnul
Zin
The Shining One

Shops:
D:3 [:

Annotations:
D:9 1 runed translucent door, Newt's ghost, novice DsGl


Innate Abilities, Weirdness & Mutations

You are a tree.
Your roots penetrate the ground, keeping you stationary.
You cannot be teleported.
You are immune to unholy pain and torment.
Your maximum health is greatly increased.
Your equipment is partially melded.
You passively map the area around you.
You are easily found by Zot.
You glow in the dark.
You regain HP and MP as you explore.


Message History

You feel you are being watched by something.
You feel your power leaking away. Something hits you! Something hits you.
You feel dopey. Something stings you.
* * * LOW HITPOINT WARNING * * *
You feel much better. The redback bites you! Something hits you!
Something hits you.
Something stings you but does no damage.
The redback bites you!
* * * LOW HITPOINT WARNING * * *
The tarantella's many legs skitter faintly.
You cannot move.
You are confused.
You feel invigorated. Something hits you but does no damage.
Something hits you.
* * * LOW HITPOINT WARNING * * *
You feel weakened.
Something stings you but does no damage.
The redback bites you but does no damage.
You feel you are being watched by something.
You feel your power leaking away. Something hits you!
* * * LOW HITPOINT WARNING * * *
You feel weakened. Something hits you.
* * * LOW HITPOINT WARNING * * *
Something stings you.
* * * LOW HITPOINT WARNING * * *
You are too confused!
You are too confused!
Okay, then.
You cannot move. (Use ctrl+direction or * direction to attack while stationary and confused.)
You attack the rock wall.
The redback barely misses you. Something hits you!
* * * LOW HITPOINT WARNING * * *
Something hits you.
* * * LOW HITPOINT WARNING * * *
You feel clumsy. Something stings you!
You die...

, , * .# * * ...
, , , .#.. * ...#
* #... ,### , ,
#.#..###.###
,,*#..sss#...# #
, #{♣...## ##.##
, *
###.#..#####.#..#
, * **,,
###..#.#.#...## *
,, ##..........#
* ##^.#...#..## ,
* ** #.....###
,.# * , *
###..#..# * , ,
,##.#.....##.
#....#.###.#*


You could see a culicivora, a tarantella and a redback.

Vanquished Creatures
  An entropy weaver (Spider:1)
  2 hydras (Lair:1)
  A catoblepas (Lair:1)
  4 two-headed ogres
  A steelbarb worm (Spider:1)
  Pikel (D:6)
  An ice statue (D:11)
  A gargoyle (D:10)
  Maggie (D:6)
  5 cane toads
  A demonic crawler (Spider:1)
  3 komodo dragons
  A troll (D:11)
  4 tarantellas (Spider:1)
  4 slime creatures (D:7)
  8 culicivoras (Spider:1)
  2 jumping spiders (Spider:1)
  3 wyverns
  A wraith (D:11)
  7 yaks
  2 basilisks
  10 redbacks (Spider:1)
  Menkaure (D:6)
  Edmund (D:6)
  An acid dragon (D:9)
  10 water moccasins
  A sky beast (D:6)
  4 orc warriors
  An ogre (D:6)
  2 centaurs
  2 kobold brigands
  A phantom (D:7)
  7 bullfrogs
  A scorpion (D:6)
  A wyvern zombie (D:6)
  7 necrophages
  2 gnoll sergeants
  7 wights
  21 killer bees
  4 howler monkeys
  2 jellies
  10 orc priests
  2 gnoll boudas (D:6)
  5 hounds
  Jessica (D:2)
  Natasha (twice) (D:2)
  Terence (D:2)
  3 iguanas
  9 orc wizards
  8 mummies (Ossuary)
  15 gnolls
  6 adders
  A shadow imp (D:7)
  3 ufetubi
  2 dart slugs
  41 orcs
  4 bats
  8 endoplasms
  5 giant cockroaches
  5 hobgoblins
  3 quokkas
  10 ball pythons
  5 frilled lizards
  A gnoll zombie (Ossuary)
  11 goblins
  A hobgoblin zombie (Ossuary)
  13 kobolds
  3 kobold zombies (Ossuary)
  3 orc zombies (Ossuary)
  A rat (D:2)
  6 bushes (D:6)
328 creatures vanquished.

Vanquished Creatures (collateral kills)
  2 yaks (Lair:1)
2 creatures vanquished.

Vanquished Creatures (others)
  7 foxfires (D:11)
  A fungus (Lair:2)
  35 plants
43 creatures vanquished.

Grand Total: 373 creatures vanquished

Notes
Turn   | Place    | Note
-------+----------+-------------------------------------------
     0 | D:1      | lesbiats the Meteoran Earth Elementalist began the quest
                  | for the Orb.
     0 | D:1      | Reached XP level 1. HP: 14/14 MP: 5/5
   118 | D:1      | Reached XP level 2. HP: 22/22 MP: 4/6
   316 | D:1      | Reached XP level 3. HP: 24/27 MP: 6/8
   320 | D:1      | Learned a level 3 spell: Stone Arrow
   425 | D:1      | Reached skill level 1 in Fighting
   478 | D:1      | Glimpsed the power of Zot.
   528 | D:1      | Glimpsed the power of Zot.
   568 | D:1      | Glimpsed the power of Zot.
   578 | D:1      | Touched by the power of Zot.
   674 | D:1      | Glimpsed the power of Zot.
   723 | D:1      | Glimpsed the power of Zot.
   761 | D:1      | Glimpsed the power of Zot.
   767 | D:1      | Touched by the power of Zot.
   885 | D:2      | Identified the +1 pair of gloves of Happy Babbling {*Slow
                  | rPois Regen+ Slay+5}
   908 | D:2      | Reached XP level 4. HP: 13/14 MP: 5/9
   952 | D:2      | Noticed Terence
   959 | D:2      | Killed Terence
  1059 | D:2      | Reached XP level 5. HP: 25/26 MP: 9/11
  1208 | D:2      | Noticed Natasha
  1209 | D:2      | Killed Natasha
  1210 | D:2      | Reached skill level 5 in Earth Magic
  1292 | D:2      | Noticed Jessica
  1298 | D:2      | Killed Jessica
  1449 | D:2      | Glimpsed the power of Zot.
  1467 | D:2      | Noticed Natasha
  1469 | D:2      | Killed Natasha
  1470 | D:2      | Reached XP level 6. HP: 38/41 MP: 10/13
  1497 | D:2      | Glimpsed the power of Zot.
  1537 | D:2      | Glimpsed the power of Zot.
  1547 | D:2      | Touched by the power of Zot.
  1620 | D:3      | Found Yquveyma's Vocational Training.
  2087 | D:3      | Found Mownull's Armour Shop.
  2209 | D:4      | Learned a level 2 spell: Passwall
  2265 | D:4      | Found a bloodstained altar of Trog.
  2305 | D:4      | Found a broken altar of Ashenzari.
  2365 | D:4      | Reached skill level 1 in Conjurations
  2502 | D:4      | Reached XP level 7. HP: 39/39 MP: 12/14
  2646 | D:4      | Identified the +3 leather armour of Unreason {Contam rElec
                  | Int+7}
  2714 | D:4      | Reached skill level 1 in Evocations
  2831 | D:4      | Glimpsed the power of Zot.
  2881 | D:4      | Glimpsed the power of Zot.
  2905 | D:5      | Entered Level 5 of the Dungeon
  3431 | D:5      | Glimpsed the power of Zot.
  3481 | D:5      | Glimpsed the power of Zot.
  3521 | D:5      | Glimpsed the power of Zot.
  3531 | D:5      | Touched by the power of Zot.
  3632 | D:5      | Glimpsed the power of Zot.
  3682 | D:5      | Glimpsed the power of Zot.
  3695 | D:6      | Reached skill level 5 in Spellcasting
  3695 | D:6      | Reached XP level 8. HP: 42/48 MP: 6/16
  3721 | D:6      | Noticed Menkaure
  3726 | D:6      | Noticed Pikel
  3730 | D:6      | Found a sand-covered staircase.
  3737 | Ossuary  | Entered an ossuary
  3928 | D:6      | Killed Pikel
  3929 | D:6      | Gained mutation: You passively map the area around you.
                  | [Meteoran growth]
  3929 | D:6      | Reached XP level 9. HP: 63/73 MP: 11/19
  3935 | D:6      | Killed Menkaure
  3936 | D:6      | Reached skill level 5 in Fighting
  4014 | D:6      | Noticed Edmund
  4020 | D:6      | Killed Edmund
  4039 | D:6      | Reached skill level 5 in Evocations
  4324 | D:6      | Found a blossoming altar of Fedhas.
  4413 | D:6      | Glimpsed the power of Zot.
  4418 | D:6      | Found a staircase to the Ecumenical Temple.
  4428 | Temple   | Entered the Ecumenical Temple
  4549 | Temple   | Became a worshipper of Vehumet
  4598 | D:6      | Noticed Maggie
  4602 | D:6      | Killed Maggie
  4603 | D:6      | Reached XP level 10. HP: 53/83 MP: 9/22
  4614 | D:6      | Glimpsed the power of Zot.
  4654 | D:6      | Glimpsed the power of Zot.
  4664 | D:6      | Touched by the power of Zot.
  4686 | D:7      | Learned a level 4 spell: Flame Wave
  4743 | D:7      | Found an iron altar of Okawaru.
  5015 | D:7      | Reached * piety under Vehumet
  5015 | D:7      | Offered knowledge of Shock by Vehumet.
  5087 | D:7      | Reached skill level 10 in Conjurations
  5345 | D:6      | HP: 2/86 [cloud of flame (24)]
  5395 | D:7      | Glimpsed the power of Zot.
  5826 | D:8      | Reached XP level 11. HP: 90/92 MP: 14/24
  5996 | D:8      | Glimpsed the power of Zot.
  6046 | D:8      | Glimpsed the power of Zot.
  6141 | D:9      | Noticed Newt's ghost (novice DsGl)
  6146 | D:9      | Found a runed translucent door.
  6310 | D:9      | Reached ** piety under Vehumet
  6310 | D:9      | Offered knowledge of Freeze by Vehumet.
  6458 | D:9      | Noticed a two-headed ogre
  6465 | D:9      | Killed a two-headed ogre
  6507 | D:9      | Noticed a two-headed ogre
  6512 | D:9      | Killed a two-headed ogre
  6592 | D:9      | Glimpsed the power of Zot.
  6642 | D:9      | Glimpsed the power of Zot.
  6682 | D:9      | Glimpsed the power of Zot.
  6683 | D:10     | Entered Level 10 of the Dungeon
  6699 | D:10     | Noticed a two-headed ogre
  6704 | D:10     | Killed a two-headed ogre
  6781 | D:10     | Reached skill level 1 in Fire Magic
  6786 | D:10     | Reached skill level 1 in Staves
  7079 | D:10     | Found a staircase to the Orcish Mines.
  7082 | D:10     | Offered knowledge of Static Discharge by Vehumet.
  7089 | D:10     | Reached *** piety under Vehumet
  7139 | D:10     | Found a basalt altar of Yredelemnul.
  7141 | D:10     | Found a shimmering altar of Xom.
  7192 | D:10     | Glimpsed the power of Zot.
  7242 | D:10     | Glimpsed the power of Zot.
  7277 | D:11     | Noticed a two-headed ogre
  7282 | D:11     | Killed a two-headed ogre
  7283 | D:11     | Reached skill level 10 in Spellcasting
  7283 | D:11     | Reached XP level 12. HP: 103/103 MP: 13/27
  7351 | D:11     | Learned a level 3 spell: Frozen Ramparts
  7357 | D:11     | Learned a level 1 spell: Foxfire
  7580 | D:11     | Found a staircase to the Lair.
  7667 | D:11     | Learned a level 3 spell: Inner Flame
  7792 | D:10     | Glimpsed the power of Zot.
  7815 | Lair:1   | Entered Level 1 of the Lair of Beasts
  7847 | Lair:1   | Noticed a six-headed hydra
  7853 | Lair:1   | Killed a six-headed hydra
  7962 | Lair:1   | Noticed a catoblepas
  7978 | Lair:1   | Killed a catoblepas
  8005 | Lair:1   | Offered knowledge of Airstrike by Vehumet.
  8007 | Lair:1   | Reached skill level 5 in Staves
  8146 | Lair:1   | Noticed a four-headed hydra
  8154 | Lair:1   | Killed a four-headed hydra
  8309 | Lair:1   | Glimpsed the power of Zot.
  8359 | Lair:1   | Glimpsed the power of Zot.
  8384 | Lair:2   | Reached skill level 10 in Fighting
  8394 | Lair:2   | Reached XP level 13. HP: 103/113 MP: 20/29
  8405 | Lair:2   | Reached **** piety under Vehumet
  8475 | Lair:2   | Found a hole to the Spider Nest.
  8500 | Spider:1 | Entered Level 1 of the Spider Nest
  8506 | Spider:1 | Reached skill level 10 in Evocations
  8508 | Spider:1 | Offered knowledge of Sticky Flame by Vehumet.
  8549 | Spider:1 | Reached skill level 5 in Dodging
  8600 | Spider:1 | Noticed an entropy weaver
  8614 | Spider:1 | Killed an entropy weaver
  8649 | Spider:1 | HP: 4/172 [something (6)]
  8649 | Spider:1 | Slain by a ghost moth

Illustrated notes

Levels and vault maps discovered:
D:1:      evilmike_arrival_rings, layout_basic, serial_bayou_lake_a
D:2:      layout_loops_corners, grunt_ministairs_2, uniq_jessica, uniq_natasha,
          uniq_terence
D:3:      layout_loops_cross, serial_shops, shop, nicolae_shop_vocational
D:4:      layout_layer_cave, mainiacjoe_overflow_brackets, amcnicky_altar_gilded
D:5:      layout_basic
D:6:      layout_loops_ring, fedhas_altar_decomposition,
          minmay_temple_entry_mist, lightli_ossuary_entry_decrepit_ruins,
          uniq_pikel, uniq_maggie, uniq_edmund, uniq_menkaure
D:7:      layout_cave_pools, kennysheep_okawaru_gauntlet,
          nicolae_fountain_basement
D:8:      layout_loops_ring
D:9:      layout_small_grid, hellmonk_ghost_happy_afterlife,
          chequers_serial_rivers_large_a, nicolae_concentric_dashed_squares_mild
D:10:     layout_basic, nicolae_overflow_hidden_temple, david_orc_5
D:11:     lemuel_ice_statue, layout_rooms, david_lair_shrubbed
Temple:   kb_temple_of_zot
Lair:1:   layout_hall_layers, beast_lair_carwin_11, grunt_megastairs_4,
          serial_bayou_shore_b, lemuel_fruit_tree
Lair:2:   layout_gridlike, minmay_swamp_entry_reptiles,
          spider_nest_entry_web_field, nicolae_quartered_pool_super,
          beast_lair_carwin_6
Spider:1: layout_spider_delve, nicolae_spider_altar_of_dancing

Skill      XL: |  1  2  3  4  5  6  7  8  9 10 11 12 13 |
---------------+----------------------------------------+-----
Earth Magic    | 4 5 6 |  6.0
Spellcasting   | 3 4 5 6 7 8 10 11 12 | 12.1
Fighting       | 1 2 3 4 6 7 8 10 | 10.8
Dodging        | 3 5 |  5.5
Conjurations   | 1 3 6 8 10 12 | 12.1
Evocations     | 2 4 5 7 8 9 10 | 10.6
Fire Magic     | 2 |  2.2
Staves         | 2 5 7 |  7.2
Stealth        | |  1.4
Transmutations | |  1.2

Action                   |  1- 3 |  4- 6 |  7- 9 | 10-12 | 13-15 || total
-------------------------+-------+-------+-------+-------+-------++-------
Melee: Staff             |    33 |     3 |    62 |    38 |     7 ||   143
       Punch             |       |     1 |     1 |     1 |       ||     3
Throw: Dart              |       |       |       |     1 |       ||     1
 Cast: Sandblast         |    24 |    59 |     2 |       |       ||    85
       Stone Arrow       |       |       |    76 |   173 |    20 ||   269
       Flame Wave        |       |       |       |    21 |    11 ||    32
       Foxfire           |       |       |       |     4 |       ||     4
       Frozen Ramparts   |       |       |       |       |     1 ||     1
Evoke: Wand              |       |       |       |     4 |     1 ||     5
  Use: Scroll            |       |     7 |     4 |     3 |     3 ||    17
       Potion            |       |       |     1 |     5 |     6 ||    12
Armor: Robe              |     9 |     6 |       |       |       ||    15
       Leather armour    |       |       |    25 |    47 |    19 ||    91
       Skin              |       |       |       |       |     6 ||     6
Dodge: Dodged            |    25 |    12 |    73 |   172 |    81 ||   363

Table legend: (Time is in decaauts)
 A = Elapsed time spent in this place.
 B = Non-inter-level travel time spent in this place.
 C = Inter-level travel time spent in this place.
 D = Time resting spent in this place.
 E = Time spent auto-exploring this place.
 F = Levels seen in this place.
 G = Mean time per level.
                   A        B        C        D        E       F      G
               +--------+--------+--------+--------+--------+-----+--------+
         Total |   8715 |   6530 |   2185 |     10 |   4813 |  16 |  544.7 |
       Dungeon |   7526 |   5941 |   1585 |     10 |   4612 |  11 |  684.2 |
        Temple |    153 |     96 |     57 |      0 |     83 |   1 |  153.0 |
          Lair |    688 |    177 |    511 |      0 |      0 |   2 |  344.0 |
   Spider Nest |    153 |    121 |     32 |      0 |     23 |   1 |  153.0 |
       Ossuary |    193 |    193 |      0 |      0 |     95 |   1 |  193.0 |
               +--------+--------+--------+--------+--------+-----+--------+

Top non-repeatable levels by time:
     D:6: 884 daAuts
     D:2: 855 daAuts
     D:1: 809 daAuts
     D:5: 782 daAuts
     D:4: 749 daAuts
    D:10: 675 daAuts
     D:8: 669 daAuts
     D:9: 611 daAuts
  Lair:1: 567 daAuts
     D:3: 562 daAuts
     D:7: 469 daAuts
    D:11: 457 daAuts
 Ossuary: 193 daAuts
  Temple: 153 daAuts
Spider:1: 153 daAuts
